 Dungeon Crawl Stone Soup version 0.30.1-11-g7821555f0a (webtiles) character file.

Game seed: 8373814757638292739

22509 caec the Thaumaturge (level 12, -5/80 HPs)
             Began as a Red Draconian Transmuter on Jan 3, 2024.
             Was an Elder of Hepliaklqana.
             Slain by a cane toad (16 damage)
             ... on level 2 of the Lair of Beasts.
             The game lasted 01:01:00 (17099 turns).

caec the Thaumaturge (Red Draconian Transmuter)    Turns: 17099, Time: 01:01:01

Health: -5/80      AC: 10    Str: 12    XL:     12   Next: 63%
Magic:  21/28      EV: 19    Int: 14    God:    Hepliaklqana [****..]
Gold:   283        SH:  0    Dex: 17    Spells: 19/35 levels left

rFire   + +          .
                       - Unarmed
rCold   . . .        (shield currently unavailable)
rNeg    . . .        (body armour unavailable)
rPois   .            (helmet restricted)
rElec   .            H - +0 cloak
rCorr   .            (gloves currently unavailable)
SInv    .            J - +0 pair of boots
Will    .....        F - amulet of faith
Stlth   ++           u - ring of protection from fire
HPRegen 0.33/turn    L - +5 ring of evasion
MPRegen 0.21/turn

%: clarity, faith
@: lethally poisoned (-5 -> -12), blade hands, wereblooded
A: reduced essence, breathe fire, AC +8, unfitting armour, fire resistance 1,
cold-blooded, clarity, sense surroundings 1
a: Breathe Fire, End Transformation, Renounce Religion, Recall Ancestor,
Ancestor Identity, Transference, Idealise


You were on level 2 of the Lair of Beasts.
You worshipped Hepliaklqana.
Hepliaklqana was greatly pleased with you.
You had blades for hands.
You visited 3 branches of the dungeon, and saw 14 of its levels.
You visited 1 bazaar.
You also visited: Volcano.

You collected 919 gold pieces.
You spent 636 gold pieces at shops.

Inventory:

Missiles
 j - 6 curare-tipped darts (quivered)
 x - 2 throwing nets
Armour
 H - a +0 cloak (worn)
 J - a +0 pair of boots (worn)
Jewellery
 s - a ring of protection from fire
 u - a ring of protection from fire (left blade hand)
 F - an amulet of faith (around neck)
 K - a ring of wizardry
 L - a +5 ring of evasion (right blade hand)
 Q - a +6 ring of dexterity
Wands
 w - a wand of charming (4)
 z - a wand of polymorph (9)
 C - a wand of digging (8)
 E - a wand of iceblast (14)
 G - a wand of flame (6)
 I - a wand of acid (2)
 N - a wand of mindburst (6)
Scrolls
 b - 2 scrolls of blinking {unknown}
 f - 2 scrolls of torment {unknown}
 g - 2 scrolls of amnesia
 k - 3 scrolls of fog
 l - a scroll of enchant armour {unknown}
 o - 2 scrolls of fear
 t - a scroll of acquirement {unknown}
 y - a scroll of noise {unknown}
 B - a scroll of brand weapon
 D - a scroll of vulnerability
 O - a scroll of enchant weapon {unknown}
 P - 2 scrolls of poison {unknown}
 R - a scroll of immolation {unknown}
Potions
 a - 2 potions of lignification
 c - a potion of heal wounds
 d - 6 potions of flight
 h - 2 potions of ambrosia
 i - 3 potions of might
 m - 2 potions of resistance
 n - 5 potions of mutation
 p - 2 potions of attraction {unknown}
 q - 2 potions of magic
 v - 5 potions of curing
 A - 3 potions of brilliance
 M - a potion of invisibility {unknown}
 S - a potion of experience {unknown}


   Skills:
 + Level 3.1 Fighting
 - Level 1.0 Throwing
 + Level 4.9 Dodging
 + Level 9.4 Unarmed Combat
 + Level 12.1 Spellcasting
 * Level 11.0 Transmutations
 - Level 3.0 Air Magic
 - Level 6.8 Poison Magic
 + Level 1.0 Invocations
 + Level 2.2 Evocations


You had 19 spell levels left.
You knew the following spells:

 Your Spells              Type           Power      Damage    Failure   Level
a - Blade Hands           Tmut           19%        N/A       24%         5
b - Wereblood             Tmut           39%        N/A       8%          2
c - Spider Form           Tmut/Pois      33%        N/A       13%         3
d - Poisonous Vapours     Pois/Air       44%        N/A       19%         2
e - Olgreb's Toxic Radia  Pois           27%        N/A       34%         4

Your spell library contained the following spells:

 Spells                   Type           Power      Damage    Failure   Level
 Beastly Appendage        Tmut           78%        N/A       7%          1
 Sting                    Tmut/Pois      100%       1d8       9%          1
 Passwall                 Tmut/Erth      19%        N/A       17%         2
 Sandblast                Erth           16%        2d6       43%         1
 Slow                     Hex            32%        N/A       43%         1
 Ice Form                 Ice/Tmut       23%        N/A       43%         4
 Lesser Beckoning         Tloc           16%        N/A       52%         2
 Confusing Touch          Hex            8%         N/A       69%         3
 Gell's Gravitas          Tloc           8%         N/A       69%         3
 Ozocubu's Armour         Ice            8%         N/A       69%         3
 Portal Projectile        Hex/Tloc       16%        N/A       69%         3
 Stone Arrow              Conj/Erth      16%        3d8       69%         3
 Teleport Other           Tloc           8%         N/A       69%         3
 Tukima's Dance           Hex            8%         N/A       69%         3
 Vampiric Draining        Necr           8%         2d6       69%         3
 Metabolic Englaciation   Hex/Ice        4%         N/A       99%         5
 Simulacrum               Ice/Necr       4%         N/A       100%        6
 Chain Lightning          Conj/Air       6%         3d8       100%        9
 Fire Storm               Conj/Fire      4%         8d1       100%        9
 Shatter                  Erth           4%         3d7*      100%        9


Dungeon Overview and Level Annotations

Branches:
Dungeon (11/15)            Temple (1/1) D:5            Lair (2/5) D:11
    Orc (0/2) D:11        Volcano (visited)
  Swamp: Lair:2-3    Shoals: Lair:2-3     Snake: Lair:2-3    Spider: Lair:2-3

Altars:
Ashenzari
Cheibriados
Dithmenos
Elyvilon
Fedhas
Gozag
Hepliaklqana
Kikubaaqudgha
Makhleb
Nemelex Xobeh
Okawaru
Qazlal
Ru
Sif Muna
Trog
Uskayaw
Vehumet
Wu Jian
Xom
Yredelemnul
Zin
The Shining One

Shops:
D:4 *   D:7 !


Innate Abilities, Weirdness & Mutations

You have blades for hands.
Your spellcasting is less reliable in this form.
You are incapable of wielding weapons or throwing items.
Your life essence is reduced to manifest your ancestor. (-10% HP)
You can breathe blasts of fire.
Your fiery red scales are hard. (AC +8)
You cannot fit into any form of body armour.
Your flesh is heat resistant. (rF+)
You are cold-blooded and may be slowed by cold attacks.
You possess an exceptional clarity of mind.
You passively map a small area around you.


Message History

Servius blocks the yak's attack.
The cane toad stings Servius!
Servius is destroyed!
You barely miss the cane toad. The cane toad stings you!
You are poisoned.
The cane toad poisons you! The yak gores you.
You hit the yak.
The yak is almost dead.
You feel very sick.
The yak looks more healthy.
The cane toad stings you!
* * * LOW HITPOINT WARNING * * *
You are lethally poisoned!
The cane toad poisons you!
You slice the yak!!
You feel a bit better.
You kill the yak!
* * * LOW HITPOINT WARNING * * *
You feel very sick. The cane toad misses you.
Your Invocations skill increases to level 1!
Unknown command.
You hit the cane toad but do no damage.
* * * LOW HITPOINT WARNING * * *
You feel very sick. The cane toad stings you!
* * * LOW HITPOINT WARNING * * *
You feel much better.
* * * LOW HITPOINT WARNING * * *
You feel very sick. The cane toad closely misses you.
You slice the cane toad!!
The cane toad is heavily wounded.
You feel very sick. The cane toad misses you.
You slash the cane toad!
The cane toad is severely wounded.
You feel sick. The cane toad misses you.
You barely miss the cane toad.
The cane toad is severely wounded.
You feel very sick. The cane toad stings you!
You die...

****,,,,,,,,,,,**,*****,,** ****
,**,,,*,,,,*,...#.##.##,,,*****,*
,*,,,***,⌠,**#...#....,,,,*,,,*,*
,*,,***,,,,***.......,,,,,,,,,,,,
*,,,* *,,,,,,##.....,,,,,,,,,*,,,
,<,⌠***,,<,,**.⌠.>.,**,,,*,*****,
*,,,**,,,,,,**#...,,*##...*,* **
**,,****,,,**##†.###*#...#*** *
,*,,,*,*,⌠,*##.F@..# #...# *#
,,*,,,*,,,,,#...#..###...# *.
,,*,,,,,,......#...##...P# ###.
,,,,,,,,,.....##..###...P# #...
*,,,,,,,,....##P....#...#*####..#
*,,,,*,*,...#*###.......###.#....
,,,,,,,,,⌠.#* ##.............##
,*,,,,,,+..* ##...###..##..#,
,,,,,,,,,,,* #..## #..####l.


You could see a cane toad.

Vanquished Creatures
  Erolcha (D:11)
  Harold (Lair:1)
  6 two-headed ogres
  A boulder beetle (D:11)
  2 death yaks (D:11)
  A salamander (Volcano)
  Maurice (D:8)
  A gargoyle (D:10)
  An unseen horror (D:11)
  A troll (D:9)
  A hornet (D:9)
  5 blink frogs (Lair:1)
  2 centaur simulacra (D:10)
  3 wyverns
  12 yaks
  A steam dragon (D:8)
  Menkaure (D:5)
  2 water moccasins
  A hell hound (Volcano)
  4 orc warriors
  2 sky beasts
  6 ice beasts
  An ogre (D:7)
  2 wolves
  3 black bears
  6 centaurs
  A kobold brigand (D:7)
  A bullfrog (D:5)
  2 gnoll sergeants
  5 scorpions
  17 killer bees
  2 electric eels (D:10)
  4 hounds
  4 jellies
  8 orc priests
  A sleepcap (D:6)
  7 iguanas
  13 orc wizards
  9 gnolls
  9 adders
  A shadow imp (D:6)
  7 white imps
  4 ufetubi
  2 worms
  2 dart slugs
  46 orcs
  12 ball pythons
  7 bats
  11 endoplasms
  4 giant cockroaches
  4 goblins
  11 hobgoblins
  5 jackals
  6 quokkas
  3 frilled lizards
  11 kobolds
  8 rats
295 creatures vanquished.

Vanquished Creatures (collateral kills)
  A death yak (D:11)
  A two-headed ogre (Volcano)
  Urug (Lair:1)
  A skyshark (Lair:2)
  An oklob plant (Lair:1)
  A komodo dragon (Lair:1)
  A wyvern (D:11)
  2 shadows (D:11)
  6 yaks
  An ice beast (D:10)
  3 centaurs
  2 wolves
  2 bullfrogs
  2 gnoll sergeants (D:8)
  A scorpion (D:7)
  2 howler monkeys
  A killer bee (D:9)
  2 electric eels
  A sleepcap (D:7)
  An orc wizard (D:8)
  5 gnolls
  A shadow imp (D:6)
  A white imp (D:8)
  3 ufetubi (D:10)
  6 orcs (D:11)
  A kobold (D:7)
50 creatures vanquished.

Vanquished Creatures (others)
  A two-headed ogre (Volcano)
  2 hell hounds (Volcano)
  A centaur (Volcano)
  A hound (D:4)
  8 knights
  An orc wizard (D:4)
  10 ancestors
  An ufetubus (D:10)
25 creatures vanquished.

Grand Total: 370 creatures vanquished

Notes
Turn   | Place    | Note
-------+----------+-------------------------------------------
     0 | D:1      | caec the Draconian Transmuter began the quest for the Orb.
     0 | D:1      | Reached XP level 1. HP: 16/16 MP: 3/3
   148 | D:1      | Reached XP level 2. HP: 23/23 MP: 3/5
   151 | D:1      | Learned a level 2 spell: Wereblood
   753 | D:1      | Reached XP level 3. HP: 26/28 MP: 2/6
  1104 | D:2      | Found a snail-covered altar of Cheibriados.
  1619 | D:2      | Found the amulet of Elemental Vulnerability {rPois rF--
                  | rC-- AC+8}
  1688 | D:2      | Identified the +1 quarterstaff of the Hidden Brambles
                  | {flame, rElec Dex+3}
  1856 | D:2      | Reached XP level 4. HP: 34/35 MP: 5/7
  1891 | D:3      | Learned a level 3 spell: Spider Form
  3452 | D:4      | Reached XP level 5. HP: 36/40 MP: 7/9
  3640 | D:4      | Found Piuteg's Assorted Antiques.
  3648 | D:4      | Bought a forked bronze wand for 120 gold pieces
  3869 | D:4      | Reached skill level 3 in Spellcasting
  4097 | D:4      | Noticed a centaur
  4117 | D:4      | Killed a centaur
  4118 | D:4      | Reached XP level 6. HP: 39/47 MP: 6/10
  4633 | D:5      | Entered Level 5 of the Dungeon
  4740 | D:5      | Found a staircase to the Ecumenical Temple.
  4763 | D:5      | Reached skill level 1 in Poison Magic
  4768 | Temple   | Entered the Ecumenical Temple
  4995 | Temple   | Became a worshipper of Hepliaklqana the Forgotten
  5063 | D:5      | Your scales start taking on a fiery red colour.
  5063 | D:5      | Reached XP level 7. HP: 10/52 MP: 9/12
  5063 | D:5      | Gained mutation: Your flesh is heat resistant. (rF+) [Red
                  | Draconian growth]
  5486 | D:5      | Reached skill level 5 in Unarmed Combat
  5685 | D:5      | Reached skill level 4 in Spellcasting
  5685 | D:5      | Reached skill level 5 in Transmutations
  5766 | D:5      | Reached skill level 1 in Throwing
  5925 | D:5      | Noticed Menkaure
  5950 | D:5      | Killed Menkaure
  6002 | D:5      | Reached XP level 8. HP: 52/59 MP: 10/14
  6078 | D:5      | Learned a level 2 spell: Poisonous Vapours
  7435 | D:6      | Reached * piety under Hepliaklqana
  7856 | D:7      | Found Elynor's Distillery.
  7867 | D:7      | Reached skill level 1 in Air Magic
  7885 | D:7      | Reached skill level 5 in Spellcasting
  7983 | D:7      | Bought a potion of brilliance for 48 gold pieces
  7983 | D:7      | Bought a potion of mutation for 96 gold pieces
  7983 | D:7      | Bought a potion of curing for 36 gold pieces
  7983 | D:7      | Gained mutation: You have a pair of small antennae on your
                  | head. [potion of mutation]
  7983 | D:7      | Gained mutation: You passively dampen the noise of your
                  | surroundings. [potion of mutation]
  7984 | D:7      | Lost mutation: You passively dampen the noise of your
                  | surroundings. [potion of mutation]
  7984 | D:7      | Lost mutation: You have a pair of small antennae on your
                  | head. [potion of mutation]
  7984 | D:7      | Gained mutation: You passively map a small area around you.
                  | [potion of mutation]
  7984 | D:7      | Gained mutation: You possess an exceptional clarity of
                  | mind. [potion of mutation]
  8054 | D:7      | Reached XP level 9. HP: 31/60 MP: 13/16
  8254 | D:7      | Learned a level 4 spell: Olgreb's Toxic Radiance
  9625 | D:8      | Reached ** piety under Hepliaklqana
  9677 | D:8      | Reached skill level 5 in Poison Magic
  9947 | D:8      | Reached skill level 6 in Spellcasting
 10075 | D:8      | Noticed Maurice
 10083 | D:8      | Killed Maurice
 10220 | D:8      | Reached XP level 10. HP: 59/65 MP: 4/19
 10544 | D:8      | Found a white marble altar of Elyvilon.
 10681 | D:8      | Found a blossoming altar of Fedhas.
 10682 | D:8      | Found a stormy altar of Qazlal.
 10682 | D:8      | Found a glowing golden altar of the Shining One.
 10683 | D:8      | Found a broken altar of Ashenzari.
 10684 | D:8      | Found a glowing silver altar of Zin.
 10685 | D:8      | Found an opulent altar of Gozag.
 10937 | D:9      | Noticed a two-headed ogre
 10955 | D:9      | HP: 2/65 [two-headed ogre/+0 giant spiked club (19)]
 10961 | D:9      | Killed a two-headed ogre
 10962 | D:9      | Reached skill level 7 in Spellcasting
 11593 | D:9      | Noticed a two-headed ogre
 11603 | D:9      | Killed a two-headed ogre
 11604 | D:9      | Reached skill level 8 in Spellcasting
 11667 | D:9      | Noticed a two-headed ogre
 11679 | D:9      | Killed a two-headed ogre
 11903 | D:9      | Reached *** piety under Hepliaklqana
 12074 | D:10     | Entered Level 10 of the Dungeon
 12119 | D:10     | Reached XP level 11. HP: 72/72 MP: 8/23
 12123 | D:10     | Reached skill level 9 in Spellcasting
 12210 | D:10     | Noticed a two-headed ogre
 12220 | D:10     | Killed a two-headed ogre
 12716 | D:10     | Remembered your ancestor Servius as a knight
 13779 | D:11     | Noticed a boulder beetle
 13801 | D:11     | Killed a boulder beetle
 13847 | D:11     | Reached **** piety under Hepliaklqana
 13923 | D:11     | Reached skill level 10 in Spellcasting
 13923 | D:11     | Noticed a death yak
 13929 | D:11     | Noticed a death yak
 13933 | D:11     | Noticed a death yak
 13942 | D:11     | HP: 2/72 [death yak (23)]
 14051 | D:11     | Found a flickering gateway to a bazaar.
 14065 | Bazaar   | Entered a bazaar
 14167 | Bazaar   | Found Yhuug Wab's Jewellery Shop.
 14167 | Bazaar   | Found Xetwicsi's Book Boutique.
 14193 | Bazaar   | Bought a book of Weapons for 336 gold pieces
 14201 | Bazaar   | Learned a level 5 spell: Blade Hands
 14254 | D:11     | Reached skill level 1 in Evocations
 14461 | D:11     | Found a staircase to the Lair.
 14478 | D:11     | Killed a death yak
 14569 | D:11     | Noticed a two-headed ogre
 14575 | D:11     | Killed a two-headed ogre
 14575 | D:11     | Noticed Erolcha
 14656 | D:11     | Killed Erolcha
 14799 | D:11     | Found a staircase to the Orcish Mines.
 15078 | D:11     | Killed a death yak
 15079 | D:11     | Reached skill level 11 in Spellcasting
 15079 | D:11     | Reached skill level 10 in Transmutations
 15079 | D:11     | Reached XP level 12. HP: 57/79 MP: 13/27
 15080 | D:11     | Killed a death yak
 15416 | Lair:1   | Entered Level 1 of the Lair of Beasts
 15583 | Lair:1   | Noticed Urug
 15597 | Lair:1   | Killed Urug
 15791 | Lair:1   | Found a radiant altar of Vehumet.
 16208 | Lair:1   | Noticed Harold
 16229 | Lair:1   | Killed Harold
 16336 | Lair:1   | You fall into a shaft and drop 1 floor!
 16342 | Lair:2   | Found a dark tunnel.
 16354 | Volcano  | Entered a volcano
 16469 | Volcano  | Noticed a two-headed ogre
 16470 | Volcano  | Noticed a two-headed ogre
 16487 | Volcano  | Killed a two-headed ogre
 16488 | Volcano  | Reached skill level 12 in Spellcasting
 16491 | Volcano  | Noticed a two-headed ogre
 16539 | Volcano  | Killed a two-headed ogre
 17095 | Lair:2   | Reached skill level 1 in Invocations
 17099 | Lair:2   | Slain by a cane toad

Illustrated notes

Levels and vault maps discovered:
D:1:      ldierk_walled_garden, layout_loops_ring, chequers_serial_rivers_marsh
D:2:      layout_basic, basic_altar, minivault_23, kennysheep_generic_room_10
D:3:      cheibrodos_old_hovel, layout_basic, serial_co_window_serial,
          co_window_corner_a, co_window_of_opportunity_a, co_window_paths_a,
          co_window_paths_a, co_window_paths_b, co_window_paths_a,
          co_window_corner_a, co_window_paths_a, co_window_paths_a,
          co_window_of_opportunity_b, co_window_broadway_c,
          co_window_broadway_c, co_window_corner_ca, co_window_broadway_a,
          glass_columns_b, minmay_misc_feat_more_columns
D:4:      layout_basic, serial_shops, shop
D:5:      minmay_octagon_keep, layout_loops_cross,
          minmay_temple_entry_offerings, uniq_menkaure
D:6:      layout_loops_corners
D:7:      layout_layer_cave, serial_shops, shop, st_stairs_8,
          grunt_decor_junction, minmay_between
D:8:      layout_basic, minitemple, uniq_maurice
D:9:      wander_river, layout_irregular_city
D:10:     layout_loops_ring, serial_ice, serial_ice_b, serial_ice_j,
          serial_ice_d, serial_ice_o, serial_ice_n, serial_ice_e, serial_ice_f,
          serial_ice_h, grunt_ministairs_14, kennysheep_small_spiral,
          minmay_circle_x
D:11:     layout_irregular_city, dpeg_lair_monsters, hiddenorc2_lemuel,
          serial_shops, bzr_in_the_mist, uniq_erolcha
Temple:   regret_index_temple_generic_petals
Lair:1:   layout_cave_pods, lemuel_oklob_altar, grunt_megastairs_1,
          serial_bayou_shore_a, uniq_harold, uniq_sonja, uniq_urug
Lair:2:   layout_layer_cave, portal_ice_cave_rime,
          nicolae_volcano_entry_hallway, chequers_serial_rivers_micro_e,
          grunt_megastairs_5

Skill      XL: |  1  2  3  4  5  6  7  8  9 10 11 12 |
---------------+-------------------------------------+-----
Dodging        | 2 3 4 |  4.9
Unarmed Combat | 4 5 6 7 9 |  9.4
Transmutations | 3 4 5 6 7 8 10 11 | 11.0
Spellcasting   | 3 4 5 6 8 11 12 | 12.1
Poison Magic   | 1 2 3 5 6 |  6.8
Throwing       | 1 |  1.0
Air Magic      | 1 2 3 |  3.0
Fighting       | 2 3 |  3.1
Evocations     | 1 2 |  2.2
Invocations    | 1 |  1.0

Action                     |  1- 3 |  4- 6 |  7- 9 | 10-12 || total
---------------------------+-------+-------+-------+-------++-------
  Melee: Unarmed           |   119 |   142 |   229 |   144 ||   634
         Kick              |    24 |    19 |     2 |       ||    45
         Headbutt          |    18 |     6 |     1 |       ||    25
         Tailslap          |     8 |     9 |    19 |    23 ||    59
         Punch             |     1 |     2 |     6 |     7 ||    16
  Throw: Dart              |       |     1 |    18 |    13 ||    32
   Cast: Beastly Appendage |    36 |    26 |     3 |     1 ||    66
         Wereblood         |     8 |    15 |    13 |    14 ||    50
         Spider Form       |       |    10 |    19 |     9 ||    38
         Poisonous Vapours |       |       |    37 |    54 ||    91
         Olgreb's Toxic Ra |       |       |     8 |    58 ||    66
         Blade Hands       |       |       |       |    11 ||    11
 Invoke: Recall Ancestor   |       |       |       |     4 ||     4
         Ancestor Life: Kn |       |       |       |     1 ||     1
         Transference      |       |       |       |     1 ||     1
Ability: Breathe Fire      |       |       |    15 |    18 ||    33
         End Transformatio |       |       |     1 |       ||     1
  Evoke: Wand              |       |     4 |       |    24 ||    28
    Use: Scroll            |     3 |     1 |     3 |    14 ||    21
         Potion            |       |       |     2 |     3 ||     5
   Stab: Sleeping          |     1 |     1 |       |       ||     2
 Armour: Skin              |    41 |    37 |    35 |    26 ||   139
  Dodge: Dodged            |    61 |    96 |   168 |   159 ||   484
